Map: [ESL] Berlingrad

Players

Dark - Winner!

  • Race: Zerg Zerg

Reynor

  • Race: Zerg Zerg

Event: IEM Katowice 2022

VOD

Have the link to the VOD?

Description

Time

  • Played on: Feb. 26, 2022, 12:24 p.m.
  • Length: 24:45

All games in this series

Show
View Real Time Build Order
Export as new Build Order

Dark Zerg - Winner!

Build Orders: Hatch First, Lurkers 

Get SALT Encoding   

  12  0:00  Drone  
  13  0:12  Overlord  
  13  0:17  Drone  
  14  0:31  Drone x2  
  16  0:48  Hatchery  
  15  0:52  Drone  
  15  0:55  Drone  
  17  1:01  Drone  
  18  1:09  Extractor  
  17  1:14  Spawning Pool  
  17  1:17  Drone  
  17  1:19  Drone  
  18  1:29  Drone  
  19  1:42  Drone  
  20  1:50  Drone  
  21  2:01  Queen x2  
  21  2:02  Zergling x2  
  21  2:03  Drone  
  27  2:12  Overlord  
  27  2:14  Drone  
  28  2:16  Metabolic Boost  
  28  2:31  Drone, Zergling x2  
  28  2:33  Drone  
  28  2:34  Drone  
  32  2:40  Hatchery  
  31  2:46  Baneling Nest  
  31  2:50  Drone  
  31  2:52  Drone  
  31  2:54  Overlord  
  31  2:56  Zergling x2  
  33  3:05  Drone, Zergling x2  
  34  3:13  Zergling x10  
  34  3:16  Zergling x2  
  40  3:25  Roach Warren  
  39  3:29  Zergling x4  
  39  3:30  Baneling x2  
  39  3:31  Baneling  
  41  3:35  Baneling  
  41  3:36  Zergling x4  
  43  3:44  Zergling x2  
  39  3:51  Zergling x8  
  39  3:55  Zergling x6  
  45  4:02  Baneling  
  40  4:05  Zergling x4  
  40  4:06  Overlord  
  40  4:07  Baneling  
  40  4:18  Overlord, Roach x2  
  40  4:20  Roach  
  46  4:25  Roach  
  46  4:29  Roach  
  46  4:31  Roach  
  52  4:38  Roach  
  53  4:44  Zergling x10  
  58  4:53  Drone x3  
  58  4:59  Drone x4  
  64  5:03  Drone  
  65  5:07  Overlord  
  65  5:09  Overlord  
  65  5:17  Overlord  
  65  5:21  Overlord  
  65  5:26  Overlord  
  65  5:28  Evolution Chamber  
  64  5:29  Drone x3  
  64  5:30  Drone  
  64  5:33  Drone x2  
  70  5:38  Drone  
  70  5:39  Drone x2  
  73  5:49  Zergling x4  
  73  5:57  Drone x3  
  73  6:03  Roach  
  73  6:04  Roach x5, Zergling x2  
  86  6:08  Baneling x2  
  86  6:09  Baneling  
  84  6:12  Zergling x6  
  79  6:22  Baneling x2  
  79  6:25  Zergling x4  
  67  6:33  Zergling x2  
  67  6:34  Zergling x8  
  67  6:39  Zergling x8  
  72  6:44  Drone  
  70  6:50  Zergling x4  
  72  6:56  Zergling x2  
  73  7:06  Zergling x2  
  73  7:07  Zergling x4  
  74  7:09  Zergling x2  
  74  7:10  Zergling x2  
  71  7:16  Zergling x2  
  64  7:26  Queen x2, Roach x2, Zergling x8  
  68  7:30  Zergling x2  
  68  7:36  Roach  
  66  7:40  Roach  
  66  7:42  Zergling x4  
  66  7:43  Zergling x2  
  68  7:44  Drone  
  68  7:48  Spine Crawler  
  68  7:49  Roach  
  65  7:53  Roach  
  65  7:54  Extractor  
  65  7:58  Drone x2  
  67  8:02  Drone  
  65  8:05  Drone x2  
  65  8:06  Drone  
  65  8:07  Drone x2, Extractor  
  68  8:18  Overlord  
  68  8:19  Extractor, Zergling x4  
  69  8:24  Drone  
  70  8:27  Overlord  
  70  8:28  Zerg Missile Weapons Level 1  
  70  8:30  Drone  
  70  8:36  Drone x3  
  70  8:39  Lair  
  73  8:46  Drone x3  
  73  8:47  Roach x3  
  82  8:49  Roach  
  82  8:51  Roach  
  86  8:58  Drone  
  87  9:03  Extractor  
  87  9:04  Roach x4  
  87  9:06  Drone  
  87  9:09  Drone  
  96  9:14  Drone  
  97  9:18  Drone x4  
  97  9:19  Drone  
  97  9:22  Roach x3, Extractor  
  106  9:24  Roach  
  106  9:31  Drone x2  
  110  9:34  Drone x3  
  110  9:36  Glial Reconstitution  
  110  9:37  Overseer  
  113  9:43  Roach x2  
  117  9:56  Hydralisk Den  
  117  9:57  Drone x2  
  117  9:58  Drone  
  118  10:01  Roach  
  118  10:02  Overlord x5  
  120  10:22  Roach x6  
  120  10:26  Grooved Spines  
  120  10:28  Lurker Den  
  131  10:32  Roach x4  
  131  10:34  Hydralisk x3  
  131  10:35  Hydralisk  
  147  10:39  Spore Crawler  
  147  10:40  Drone  
  147  10:42  Spore Crawler x2  
  145  10:45  Zerg Missile Weapons Level 2  
  145  10:53  Hydralisk x2  
  149  10:58  Spore Crawler, Roach x2  
  152  11:06  Overlord x3  
  152  11:21  Overlord  
  152  11:25  Lurker x2  
  154  11:26  Roach x7  
  154  11:31  Lurker  
  169  11:39  Overlord  
  168  11:41  Spore Crawler  
  162  11:50  Roach, Lurker x2  
  162  11:51  Roach x7  
  178  12:00  Infestation Pit  
  177  12:07  Roach x3  
  180  12:18  Hydralisk x2, Overlord  
  184  12:23  Tunneling Claws, Burrow  
  184  12:25  Hydralisk  
  184  12:38  Spore Crawler  
  176  12:44  Lurker  
  176  12:46  Hive  
  176  12:47  Drone x2  
  177  12:52  Hydralisk x2  
  177  12:53  Lurker  
  177  12:54  Overlord, Lurker  
  183  13:13  Hydralisk  
  183  13:16  Roach x3  
  183  13:19  Roach  
  193  13:20  Roach  
  193  13:24  Overlord  
  193  13:25  Overlord x2  
  193  13:30  Roach x37  
  193  13:33  Pneumatized Carapace  
  193  13:36  Hatchery  
  193  13:39  Lurker x2  
  193  13:40  Overlord  
  192  13:45  Roach x8  
  192  13:47  Lurker  
  193  13:52  Overlord  
  193  14:07  Roach x6  
  193  14:08  Hatchery  
  192  14:10  Seismic Spines  
  192  14:12  Hydralisk x2  
  192  14:15  Hydralisk x2  
  196  14:18  Zerg Missile Weapons Level 3  
  189  14:31  Drone x4  
  189  14:35  Hydralisk x2  
  182  14:51  Lurker x3  
  182  14:52  Lurker  
  182  14:57  Roach x3  
  182  14:58  Roach x10  
  200  15:05  Roach x2  
  200  15:08  Adaptive Talons  
  200  15:11  Overlord  
  200  15:14  Hatchery  
  195  15:15  Roach x5  
  195  15:16  Roach  
  195  15:17  Spore Crawler, Roach x2  
  195  15:19  Spore Crawler  
  195  15:20  Lurker x2  
  191  15:30  Roach  
  191  15:31  Hatchery, Roach x3  
  198  15:37  Roach  
  200  15:55  Roach x2  
  187  16:28  Hydralisk x2  
  163  16:42  Roach x9  
  118  16:56  Lurker  
  118  16:57  Hydralisk x3, Lurker  
  108  17:04  Hatchery, Hydralisk x2  
  107  17:09  Roach  
  107  17:10  Spore Crawler x2  
  107  17:18  Roach x2  
  111  17:24  Lurker  
  111  17:25  Hydralisk x2, Lurker  
  111  17:27  Hatchery  
  116  17:41  Roach, Viper x2  
  119  17:50  Roach x4  
  122  17:53  Roach  
  123  18:03  Viper  
  125  18:15  Roach x2  
  129  18:24  Hydralisk x4  
  134  18:27  Roach x2  
  134  18:32  Hydralisk  
  137  18:40  Hydralisk x2  
  141  18:41  Roach x2, Lurker x3  
  141  18:43  Extractor x2  
  141  18:44  Drone  
  141  18:47  Roach  
  133  18:58  Lurker x2  
  133  18:59  Lurker x2  
  133  19:00  Drone x2  
  133  19:01  Drone  
  134  19:08  Lurker  
  135  19:10  Spore Crawler  
  135  19:15  Spore Crawler  
  128  19:32  Roach x8  
  128  19:34  Drone  
  145  19:39  Lurker  
  145  19:40  Lurker  
  145  19:41  Hydralisk  
  149  19:47  Hydralisk  
  149  19:50  Hydralisk  
  153  19:54  Spore Crawler  
  146  20:03  Hydralisk x2  
  146  20:04  Roach x2  
  150  20:07  Lurker  
  150  20:09  Roach  
  150  20:10  Roach  
  155  20:14  Hydralisk  
  155  20:18  Hydralisk  
  155  20:20  Extractor  
  158  20:22  Hydralisk  
  160  20:28  Zerg Ground Armor Level 1  
  160  20:33  Hydralisk x2  
  160  20:38  Lurker x4  
  159  20:42  Spore Crawler  
  159  20:45  Drone x3  
  159  20:47  Drone  
  159  20:53  Lurker, Roach x6  
  159  20:54  Lurker  
  161  20:58  Drone x3  
  161  21:07  Spore Crawler  
  161  21:10  Drone  
  161  21:11  Drone  
  158  21:12  Spore Crawler  
  153  21:18  Hydralisk  
  153  21:19  Hydralisk  
  153  21:37  Viper x4  
  163  21:48  Spore Crawler  
  163  21:50  Drone  
  163  21:51  Spore Crawler  
  163  21:52  Drone, Spore Crawler  
  160  21:55  Lurker  
  161  22:06  Hydralisk x2  
  161  22:07  Spore Crawler  
  164  22:09  Lurker  
  165  22:18  Hydralisk x2  
  165  22:22  Hydralisk  
  169  22:25  Hydralisk  
  173  22:35  Hydralisk x2  
  177  22:45  Hydralisk x2  
  181  22:51  Muscular Augments  
  181  22:52  Roach x8  
  181  23:00  Overseer  
  181  23:03  Hydralisk x2  
  183  23:13  Hydralisk x2  
  183  23:16  Overseer  
  183  23:17  Overseer  
  187  23:28  Hydralisk x2  
  176  23:57  Hydralisk x4  
  176  23:58  Hydralisk x2  
  182  24:11  Hydralisk x3  
  182  24:19  Hydralisk  
Show
View Real Time Build Order
Export as new Build Order

Reynor Zerg 

Build Orders: Hatch First 

Get SALT Encoding   

  12  0:00  Drone  
  13  0:12  Overlord  
  13  0:17  Drone  
  14  0:31  Drone x2  
  16  0:47  Hatchery  
  15  0:51  Drone  
  15  0:54  Drone  
  17  0:57  Drone  
  18  1:04  Extractor  
  17  1:13  Spawning Pool  
  17  1:16  Drone  
  17  1:19  Drone  
  18  1:28  Drone  
  19  1:39  Drone  
  20  1:51  Drone  
  21  2:00  Queen x2, Zergling x2  
  26  2:02  Overlord  
  26  2:09  Metabolic Boost  
  26  2:10  Drone  
  26  2:11  Drone  
  28  2:21  Drone x2  
  30  2:34  Hatchery  
  30  2:36  Drone  
  30  2:38  Drone  
  31  2:44  Baneling Nest  
  31  2:45  Zergling x2  
  31  2:49  Overlord  
  31  2:56  Zergling x2  
  31  2:57  Zergling x2  
  33  3:05  Zergling x4  
  35  3:10  Zergling x10  
  35  3:11  Zergling x2  
  41  3:18  Overlord  
  41  3:22  Drone  
  42  3:28  Drone  
  42  3:29  Drone  
  44  3:39  Drone x3  
  44  3:40  Baneling  
  44  3:41  Drone x2  
  49  3:42  Drone  
  49  3:43  Drone x2  
  49  3:51  Overlord  
  49  3:54  Drone  
  47  3:58  Queen  
  47  4:00  Queen  
  41  4:03  Drone  
  41  4:05  Drone  
  41  4:07  Drone  
  44  4:15  Zergling x2  
  44  4:16  Zergling x2  
  45  4:20  Zergling x2  
  45  4:22  Evolution Chamber  
  45  4:25  Zergling x4  
  45  4:29  Overlord  
  47  4:31  Zergling x2  
  47  4:32  Zergling x4  
  47  4:34  Zergling x4  
  51  4:42  Spine Crawler  
  45  4:47  Baneling x2  
  45  4:48  Zergling x8  
  45  4:52  Zergling x4  
  50  5:00  Drone x4  
  50  5:03  Zerg Ground Armor Level 1  
  50  5:04  Drone  
  50  5:06  Drone  
  56  5:08  Drone  
  56  5:12  Baneling x2  
  55  5:15  Drone x2  
  55  5:16  Drone  
  58  5:24  Roach Warren  
  58  5:25  Drone  
  58  5:27  Drone, Extractor  
  57  5:40  Hatchery, Drone x2  
  57  5:41  Drone  
  59  5:44  Drone x2  
  59  5:48  Overlord  
  61  5:52  Overlord  
  59  6:00  Zergling x12  
  59  6:02  Zergling x2  
  59  6:03  Zergling x2  
  64  6:05  Roach  
  64  6:06  Lair  
  64  6:08  Baneling  
  66  6:17  Roach x2  
  62  6:28  Roach x3  
  62  6:29  Zergling x4  
  66  6:33  Evolution Chamber  
  66  6:35  Roach  
  63  6:40  Roach  
  63  6:45  Queen  
  63  6:46  Roach  
  66  6:49  Extractor  
  66  6:51  Baneling  
  65  6:55  Roach, Extractor  
  65  6:57  Zergling x6  
  65  6:59  Roach  
  71  7:05  Roach  
  71  7:12  Roach  
  71  7:14  Queen  
  70  7:16  Roach  
  70  7:20  Queen, Roach  
  69  7:26  Roach, Zergling x4  
  69  7:29  Zergling x2  
  62  7:39  Roach x2  
  62  7:48  Roach  
  64  7:54  Drone x4  
  64  7:57  Glial Reconstitution  
  67  8:00  Hatchery  
  67  8:03  Roach x2  
  70  8:07  Queen  
  70  8:10  Zerg Missile Weapons Level 1  
  70  8:11  Drone x2  
  74  8:21  Roach  
  74  8:22  Overlord  
  74  8:23  Overseer, Roach x2  
  74  8:26  Roach  
  82  8:30  Overlord  
  82  8:36  Drone x2  
  82  8:38  Overlord  
  84  8:44  Roach  
  84  8:46  Roach  
  88  8:50  Drone x2  
  88  8:51  Drone  
  91  8:57  Spire  
  91  8:58  Drone  
  91  9:04  Evolution Chamber  
  91  9:06  Baneling x4  
  91  9:08  Drone  
  91  9:09  Drone  
  92  9:13  Drone  
  92  9:14  Drone x2  
  95  9:21  Drone x3  
  95  9:23  Extractor x2  
  95  9:24  Roach  
  98  9:28  Drone x2  
  98  9:30  Roach  
  102  9:37  Drone, Overlord  
  103  9:39  Roach x2  
  103  9:42  Roach x2  
  111  9:51  Roach  
  113  9:53  Overlord  
  113  9:55  Drone  
  113  9:57  Overlord  
  113  9:59  Roach x2  
  122  10:00  Roach x2  
  122  10:02  Overlord  
  122  10:06  Zerg Missile Weapons Level 2  
  122  10:11  Overlord  
  122  10:15  Mutalisk x2  
  122  10:16  Mutalisk  
  122  10:18  Mutalisk  
  130  10:22  Drone  
  130  10:25  Mutalisk  
  133  10:31  Roach x4  
  141  10:41  Hatchery  
  140  10:43  Roach x2  
  140  10:45  Overlord  
  140  10:48  Roach  
  146  10:54  Roach x3  
  146  10:56  Overlord  
  152  10:59  Roach  
  152  11:02  Overlord  
  154  11:05  Roach x2  
  158  11:13  Ravager x4  
  158  11:16  Roach x4  
  158  11:17  Overlord  
  170  11:23  Ravager x2  
  170  11:24  Roach x3  
  178  11:33  Overlord  
  178  11:37  Roach x4  
  184  11:44  Overseer  
  184  11:49  Drone  
  184  11:50  Infestation Pit  
  184  11:52  Roach  
  184  11:53  Roach x5  
  194  11:57  Ravager x2  
  196  12:03  Drone x4  
  200  12:43  Drone x4  
  194  12:44  Hive  
  194  12:45  Extractor x2  
  194  12:47  Roach x4  
  198  13:02  Ravager x2  
  188  13:18  Roach x7  
  193  13:43  Overseer  
  193  13:48  Overseer x2  
  193  13:50  Spore Crawler  
  193  13:51  Spine Crawler  
  193  13:54  Pneumatized Carapace  
  191  14:00  Spine Crawler  
  191  14:01  Spore Crawler  
  189  14:04  Hatchery  
  189  14:07  Spore Crawler  
  188  14:11  Overseer  
  188  14:13  Viper x3  
  197  14:31  Hatchery  
  196  14:37  Roach Warren  
  180  14:46  Hatchery  
  180  14:48  Viper x4  
  180  14:51  Drone x4  
  189  14:53  Overseer  
  189  14:55  Drone x4  
  189  14:58  Drone x3  
  192  15:00  Overseer  
  192  15:03  Roach x3  
  192  15:04  Roach  
  198  15:38  Hydralisk Den  
  195  15:52  Extractor  
  195  15:53  Drone  
  195  15:54  Drone  
  196  16:02  Roach x2  
  200  16:11  Roach x3  
  170  16:20  Mutalisk x3, Roach x14  
  170  16:22  Overlord  
  180  16:32  Roach x2  
  144  16:43  Roach x2  
  114  16:48  Roach  
  114  16:49  Queen  
  114  16:54  Roach  
  102  16:57  Overseer  
  102  17:01  Roach  
  102  17:03  Roach  
  102  17:05  Drone x3, Queen  
  102  17:07  Ravager x6  
  102  17:08  Ravager x3  
  118  17:10  Drone  
  118  17:13  Drone  
  118  17:15  Queen  
  122  17:18  Drone  
  122  17:19  Ravager  
  122  17:20  Ravager x3  
  122  17:22  Drone  
  128  17:23  Overseer  
  128  17:24  Drone  
  128  17:28  Overseer  
  130  17:30  Drone  
  130  17:34  Drone  
  131  17:37  Hatchery  
  131  17:42  Overseer  
  130  17:49  Overseer  
  130  17:51  Drone x5  
  135  17:53  Drone  
  135  17:56  Overseer  
  136  17:59  Roach  
  136  18:00  Roach x4  
  136  18:04  Overseer  
  146  18:11  Roach x3  
  149  18:18  Overseer  
  149  18:27  Roach x3  
  151  18:34  Roach x3  
  151  18:35  Overseer  
  153  18:53  Drone x6  
  147  19:02  Drone x2  
  149  19:05  Drone  
  149  19:08  Overseer  
  150  19:13  Overseer  
  150  19:14  Drone x3  
  152  19:17  Drone x3  
  154  19:28  Drone x2  
  154  19:29  Drone x4  
  154  19:30  Extractor  
  154  19:31  Ravager  
  158  19:32  Drone, Extractor  
  158  19:33  Drone  
  158  19:36  Drone x2  
  158  19:38  Drone  
  162  19:43  Overseer  
  162  19:44  Drone x3  
  165  20:00  Muscular Augments  
  165  20:03  Drone x2  
  165  20:05  Drone x2  
  165  20:06  Drone x4  
  173  20:07  Extractor  
  173  20:09  Overlord  
  173  20:10  Viper  
  175  20:15  Overlord  
  175  20:20  Evolution Chamber  
  171  20:31  Drone x5  
  171  20:32  Hatchery  
  171  20:35  Viper x3  
  179  20:47  Viper x2  
  179  20:49  Zerg Missile Weapons Level 3  
  183  20:56  Overlord  
  183  21:02  Drone x3  
  184  21:12  Overlord  
  184  21:27  Evolution Chamber  
  184  21:29  Evolution Chamber  
  184  21:30  Evolution Chamber  
  184  21:31  Hydralisk x2  
  184  21:32  Hydralisk x5  
  189  21:34  Drone  
  189  21:35  Drone  
  189  21:36  Lurker Den  
  196  21:42  Hydralisk Den  
  195  21:47  Drone x2  
  195  21:48  Drone x3  
  200  21:58  Overseer  
  198  22:16  Hatchery  
  198  22:17  Zerg Ground Armor Level 2  
  198  22:22  Overseer  
  197  22:23  Drone x3  
  197  22:25  Extractor  
  197  22:26  Extractor  
  198  22:33  Overseer  
  196  22:43  Seismic Spines  
  194  22:49  Drone x5  
  194  22:50  Drone x4  
  200  22:58  Spore Crawler  
  199  22:59  Spore Crawler  
  199  23:00  Spore Crawler  
  199  23:01  Spine Crawler x2  
  199  23:02  Overseer x3  
  195  23:06  Drone x3  
  198  23:18  Grooved Spines  
  198  23:20  Hydralisk  
  200  23:41  Adaptive Talons  
  197  23:55  Hydralisk x13  
  169  23:57  Overlord  
  169  24:01  Lurker x5  
  169  24:02  Lurker x2  
  190  24:03  Overseer  
  187  24:13  Hydralisk x8  
  176  24:18  Roach x3  
  176  24:19  Hydralisk x6  
  177  24:26  Lurker  
  177  24:27  Lurker x2  
  177  24:28  Lurker x2  
  177  24:29  Lurker  

Tags
 
Add a new tag
Caveats
  • Supply blocks, unpowered buildings, or Contaminate may cause inaccurate times.
  • Supply counts are checked every 10 seconds.